 Dungeon Crawl Stone Soup version 0.31-a0-188-g5e087ee2ca (webtiles) character file.

Game seed: 15557402987883406820

49 qw the Shooter (level 3, 0/20 HPs)
             Began as a Deep Elf Hunter on June 23, 2023.
             Slain by a cerulean imp
             ... wielding a +0 spear
             ... summoned by Natasha
              (3 damage)
             ... on level 2 of the Dungeon.
             The game lasted 00:00:21 (1175 turns).

qw the Shooter (Deep Elf Hunter)                    Turns: 1175, Time: 00:00:22

Health: 0/20       AC:  3    Str: 10    XL:     3   Next: 53%
Magic:  5/5        EV: 12    Int: 13    God:
Gold:   120        SH:  0    Dex: 18    Spells: 2/2 levels left

rFire   . . .        Y - +0 shortbow
rCold   . . .        (shield currently unavailable)
rNeg    . . .        c - +0 leather armour
rPois   .            (no helmet)
rElec   .            (no cloak)
rCorr   .            (no gloves)
SInv    .            (no boots)
Will    .....        (no amulet)
Stlth   ++           (no ring)
HPRegen 0.23/turn    (no ring)
MPRegen 0.09/turn

%: no passive effects
@: about to teleport, slowed, very slow
A: no striking features
a: no special abilities


You were on level 2 of the Dungeon.
You visited 1 branch of the dungeon, and saw 2 of its levels.

You collected 120 gold pieces.


   Skills:
 - Level 1.5 Fighting
 + Level 7.1 Ranged Weapons
 - Level 2.4 Dodging
 - Level 1.2 Stealth


You had 2 spell levels left.
You didn't know any spells.
Your spell library was empty.

Inventory:

Hand Weapons
 Y - a +0 shortbow (weapon)
Armour
 c - a +0 leather armour (worn)
Scrolls
 a - a scroll of identify {unknown}
 b - a scroll of fog {unknown}
Potions
 d - a potion of cancellation {unknown}
 e - a potion of haste
 k - a potion of magic {unknown}

Dungeon Overview and Level Annotations

Branches:
Dungeon (2/15)

Altars:

Annotations:
D:2 Natasha


Message History

Enter note: You shoot an arrow.
The arrow barely misses Natasha.
You shoot an arrow. The arrow closely misses Natasha.
Natasha wildly gestures.
You feel troubled.
Natasha stares at you and mumbles some strange words.
The magic dart hits you!
You shoot an arrow. The arrow hits Natasha.
Natasha is lightly wounded.
You shoot an arrow. The arrow barely misses Natasha.
Natasha claws you.
You shoot an arrow. The arrow misses Natasha.
Natasha extends her claws.
Natasha claws you.
You shoot an arrow. The arrow hits Natasha.
Natasha is heavily wounded.
Natasha misses you.
You shoot an arrow. The arrow hits Natasha.
Natasha is almost dead.
Natasha stares at you and mumbles some strange words.
You feel yourself slow down.
You shoot an arrow. The arrow misses Natasha.
Natasha claws you.
Natasha mumbles some strange words.
You shoot an arrow. The arrow closely misses Natasha.
The arrow barely misses the cerulean imp.
Natasha howls an incantation.
Natasha's front paws start to glow.
Natasha casts a spell.
You shoot an arrow.
The arrow hits Natasha but does no damage.
Natasha is almost dead.
Natasha barely misses you.
The cerulean imp hits you from afar with a +0 spear.
Natasha claws you but does no damage.
1175 ||| READING scroll of teleportation.
As you read the scroll of teleportation, it crumbles to dust.
You feel strangely unstable.
The cerulean imp hits you from afar with a +0 spear.
You die...

#.##.................# #.#####
#.##..##...%..##.#.#.###......
#.##..##...).........(...#####
#.##..##..#%..####.#######
#............## .#
####.###.###.# # #.# #.#
#.#####.# #.# #.# #.......#
#.# #.# #.@....:# #.# #.#
##h###..# #.# #.# #5# .# #.#
#.# #5# #.# #.# #.# #.> ...
... ...


You could see Natasha and 2 cerulean imps.

Vanquished Creatures
  Natasha (D:2)
  A dart slug (D:2)
  2 endoplasms (D:1)
  A hobgoblin (D:2)
  2 quokkas (D:1)
  2 ball pythons (D:2)
  A bat (D:1)
  2 frilled lizards
  4 goblins
  3 kobolds
  6 rats
25 creatures vanquished.

Notes
Turn   | Place    | Note
-------+----------+-------------------------------------------
     0 | D:1      | qw the Deep Elf Hunter began the quest for the Orb.
     0 | D:1      | Reached XP level 1. HP: 12/12 MP: 3/3
     0 | D:1      | 0 ||| qw: Version: 0.3-a-9-g12657ce
     0 | D:1      | 0 ||| qw: Game counter: 3394
     0 | D:1      | 0 ||| qw: Always use a shield: true
     0 | D:1      | 0 ||| qw: God list: Okawaru
     0 | D:1      | 0 ||| qw: Allow faded altars: false
     0 | D:1      | 0 ||| qw: Do Orc after D:15 true
     0 | D:1      | 0 ||| qw: Do second Lair branch before Depths: true
     0 | D:1      | 0 ||| qw: Lair rune preference: random
     0 | D:1      | 0 ||| qw: Plans: Normal
     0 | D:1      | 0 ||| PLANNING D:1-11
   278 | D:1      | Reached XP level 2. HP: 16/16 MP: 4/4
   287 | D:1      | Reached skill level 6 in Ranged Weapons
   604 | D:1      | 604 ||| READING scroll labelled XUOHIZX ESAZAN.
   605 | D:1      | 605 ||| READING scroll labelled OTTUIM HIPTI.
   606 | D:1      | 606 ||| READING 3 scrolls labelled SUPRIT HUNE.
   611 | D:1      | 611 ||| READING scroll labelled YPUENATTIH.
   612 | D:1      | 612 ||| DRINKING 2 red potions.
   613 | D:1      | 613 ||| DRINKING 2 emerald potions.
   717 | D:1      | 717 ||| DROPPING scroll of butterflies.
   718 | D:1      | 718 ||| DROPPING potion of berserk rage.
   870 | D:2      | Found a faded altar of an unknown god.
  1039 | D:2      | Noticed Natasha
  1044 | D:2      | Killed Natasha
  1045 | D:2      | Reached skill level 7 in Ranged Weapons
  1045 | D:2      | Reached XP level 3. HP: 9/20 MP: 5/5
  1049 | D:2      | HP: 4/20 [hobgoblin (2)]
  1050 | D:2      | 1050 ||| READING 2 scrolls of teleportation.
  1162 | D:2      | Noticed Natasha
  1174 | D:2      | HP: 3/20 [cerulean imp/+0 spear[Natasha] (4)]
  1175 | D:2      | 1175 ||| READING scroll of teleportation.
  1175 | D:2      | Slain by a cerulean imp

Levels and vault maps discovered:
D:1:      dpeg_arrival_houses_and_road, layout_basic, minivault_25
D:2:      layout_loops_ring, shapermc_ecumenical_altar_acropolis, uniq_natasha

Skill      XL: |  1  2 |
---------------+-------+-----
Ranged Weapons | 7 |  7.1
Fighting       | |  1.5
Dodging        | |  2.4
Stealth        | |  1.2

Action                     || total
---------------------------++-------
   Fire: Shortbow          ||    73
    Use: Scroll            ||     6
         Potion            ||     2
 Armour: Leather armour    ||     5
  Dodge: Dodged            ||     9

Table legend:
 A = Non-vault XP
 B = Vault XP
 C = Vault XP percentage of total XP
 D = Non-vault monster count
 E = Vault monster count
 F = Vault count percentage of total count
                 A         B        C        D         E       F
            +---------+---------+-------+---------+---------+-------
      Total |      36 |      35 |  49.3 |      24 |       1 |   4.0
            +---------+---------+-------+---------+---------+-------
        D:1 |      21 |       0 |   0.0 |      15 |       0 |   0.0
        D:2 |      15 |      35 |  70.0 |       9 |       1 |  10.0
            +---------+---------+-------+---------+---------+-------
